 Dungeon Crawl Stone Soup version 0.28.0 (webtiles) character file.

Game seed: 2318013659016162596

2653 cbfl8 the Protected (level 9, 0/53 (79) HPs)
             Began as a Minotaur Delver on Feb 11, 2022.
             Was an Initiate of Trog.
             Slain by a gnoll (5 damage)
             ... in a bailey.
             The game lasted 00:16:36 (7577 turns).

cbfl8 the Protected (Minotaur Delver)               Turns: 7577, Time: 00:16:36

HP:   0/53 (79)     AC: 13    Str: 20    XL:     9   Next: 36%
MP:   8/8           EV:  8    Int:  7    God:    Trog [......]
Gold: 254           SH:  0    Dex: 13    Spells: 8/8 levels left

rFire   . . .      SeeInvis .   e - +2 falchion (elec)
rCold   . . .      Faith    .   (no shield)
rNeg    . . .      Spirit   .   B - +0 plate armour
rPois   .          Reflect  .   (helmet restricted)
rElec   .          Harm     .   (no cloak)
rCorr   .          Rampage  .   (no gloves)
Will    .....                   (no boots)
Stlth   ..........              t - amulet of regeneration
HPRegen 0.97/turn               (no ring)
MPRegen 0.11/turn               (no ring)

@: on berserk cooldown, slowed, very heavily drained, very slow
A: horns 2, retaliatory headbutt
a: Renounce Religion


You were in a bailey.
You worshipped Trog.
Trog was noncommittal.
You visited 2 branches of the dungeon, and saw 8 of its levels.
You also visited: Bailey.

You collected 254 gold pieces.

Inventory:

Hand Weapons
 a - a +0 hand axe
 e - a +2 falchion of electrocution (weapon)
 i - a +1 hand axe of flaming
 y - a +0 halberd of draining
 E - a +1 halberd of draining
 G - a +2 halberd of electrocution
Armour
 b - a +0 leather armour
 h - a +0 scale mail
 B - a +0 plate armour (worn)
Jewellery
 t - an amulet of regeneration (around neck)
Wands
 g - a wand of digging (3)
 A - a wand of charming (5)
Scrolls
 c - a scroll of fog
 d - 3 scrolls of magic mapping
 l - 7 scrolls of identify {unknown}
 n - 2 scrolls of enchant weapon {unknown}
 o - 8 scrolls of teleportation {unknown}
 p - 3 scrolls of enchant armour {unknown}
 u - a scroll of blinking {unknown}
 v - a scroll of noise {unknown}
 w - a scroll of vulnerability {unknown}
 x - a scroll of torment {unknown}
 z - a scroll of silence {unknown}
Potions
 f - a potion of haste
 j - 2 potions of flight {unknown}
 k - a potion of attraction {unknown}
 m - 4 potions of curing {unknown}
 q - a potion of might {unknown}
 r - 4 potions of heal wounds {unknown}
 s - a potion of brilliance {unknown}
 C - 5 potions of degeneration
 D - a potion of invisibility {unknown}
 F - a potion of mutation {unknown}


   Skills:
 + Level 7.1 Fighting
 + Level 1.2 Long Blades
 + Level 6.2(7.7) Axes
 + Level 6.8(8.0) Maces & Flails
 + Level 8.3 Armour
 + Level 4.6 Dodging
 + Level 5.3 Stealth


You had 8 spell levels left.
You didn't know any spells.
Your spell library contained the following spells:

 Spells                   Type           Power      Damage    Failure   Level
 Blink                    Tloc           0%         N/A       100%        2
 Sublimation of Blood     Necr           0%         N/A       100%        2
 Wereblood                Tmut           0%         N/A       100%        2
 Conjure Flame            Conj/Fire      0%         6-21      100%        3
 Gell's Gravitas          Tloc           0%         N/A       100%        3
 Ignite Poison            Fire/Tmut/Pois 0%         N/A       100%        3
 Teleport Other           Tloc           0%         N/A       100%        3
 Animate Dead             Necr           0%         N/A       100%        4
 Sticky Flame             Conj/Fire      0%         2d3       100%        4
 Borgnjor's Vile Clutch   Necr/Erth      0%         N/A       100%        5
 Manifold Assault         Tloc           0%         N/A       100%        5
 Death Channel            Necr           0%         N/A       100%        6
 Dispersal                Tloc           0%         N/A       100%        6
 Storm Form               Tmut/Air       0%         N/A       100%        7
 Summon Hydra             Summ           0%         N/A       100%        7


Dungeon Overview and Level Annotations

Branches:
Dungeon (7/15)             Temple (1/1) D:7          Bailey (1/1)

Altars:
Ashenzari
Cheibriados
Elyvilon
Gozag
Hepliaklqana
Kikubaaqudgha
Makhleb
Nemelex Xobeh
Okawaru
Qazlal
Ru
Sif Muna
Trog
Vehumet
Wu Jian
Yredelemnul
Zin
The Shining One

Shops:
D:5 (

Annotations:
D:3 3 runed translucent doors, Beepinex's ghost, amateur HOFi


Innate Abilities, Weirdness & Mutations

You have a pair of horns on your head.
You reflexively headbutt those who attack you in melee.


Message History

You are electrocuted!
* * * LOW HITPOINT WARNING * * *
The gnoll barely misses you.
You hit the gnoll but do no damage.
The gnoll is almost dead.
The gnoll closely misses you. You furiously retaliate!
You headbutt the gnoll. The gnoll hits you but does no damage.
You feel drained.
You barely miss the gnoll. You punch the gnoll.
You kill the gnoll!
Trog accepts your kill.
You can now go berserk at will.
The gnoll hits you from afar with a +2 halberd of draining.
* * * LOW HITPOINT WARNING * * *
You feel drained.
A red film seems to cover your vision as you go berserk!
You feel yourself moving faster!
You feel mighty!
You can no longer go berserk at will.
The gnoll hits you from afar with a +2 halberd of draining!
* * * LOW HITPOINT WARNING * * *
You feel drained.
You feel a strong urge to attack something.
There is an open door, spattered with blood here.
You slash the gnoll! Lightning courses through the gnoll!
You kill the gnoll!
Trog accepts your kill.
The gnoll hits you from afar with a +0 halberd of draining.
* * * LOW HITPOINT WARNING * * *
You feel drained. The gnoll hits you but does no damage.
You feel drained.
Items here: )) ††.
You feel a strong urge to attack something.
You are no longer berserk.
You are exhausted.
You feel yourself slow down.
The gnoll hits you from afar with a +0 halberd of draining.
* * * LOW HITPOINT WARNING * * *
You feel drained.
There is an open door, spattered with blood here.
The gnoll closely misses you.
The gnoll hits you with a +0 halberd of draining.
You die...

### ### ##### ###
#∩###)###.@g###)#
##'##'##'###'##'##+
##....†## ##.....#
###.....###
#.....###
#)'..∩..'.#
+..⌠..'.#
###.....###
#.....### ##....†#
#.....## ##'##'##'#
+##'##'## #.###.#
#.# #.###)#


You could see a gnoll (fast).

Vanquished Creatures
  Edmund (D:6)
  A water moccasin (D:7)
  An orc warrior (D:6)
  A black bear (D:5)
  An ice beast (D:5)
  An ogre (D:6)
  2 necrophages (D:6)
  2 centaurs
  3 phantoms
  A bullfrog (D:7)
  Blork the orc (D:6)
  2 scorpions (D:5)
  2 wyvern zombies (D:6)
  A howler monkey (D:6)
  2 bullfrog zombies
  A centaur zombie (D:5)
  3 orc priests
  4 hounds
  3 gnoll shamans
  Jessica (D:3)
  2 iguanas (D:6)
  6 orc wizards
  25 gnolls
  11 adders
  A howler monkey skeleton (D:6)
  A white imp (D:7)
  An ufetubus (D:4)
  An adder skeleton (D:4)
  A worm (D:3)
  2 dart slugs (D:2)
  38 orcs
  5 endoplasms
  A giant cockroach (D:4)
  4 goblins
  8 hobgoblins
  A quokka (D:1)
  4 ball pythons
  5 bats
  4 frilled lizards
  4 kobolds
  3 rats
162 creatures vanquished.

Vanquished Creatures (others)
  4 plants (D:3)
4 creatures vanquished.

Grand Total: 166 creatures vanquished

Notes
Turn   | Place    | Note
-------+----------+-------------------------------------------
     0 | D:5      | cbfl8 the Minotaur Delver began the quest for the Orb.
     0 | D:5      | Reached XP level 1. HP: 19/19 MP: 0/0
    79 | D:5      | Noticed a black bear
   155 | D:4      | Reached XP level 2. HP: 20/27 MP: 1/1
   163 | D:4      | Found a stormy altar of Qazlal.
   174 | D:4      | Reached XP level 3. HP: 6/33 MP: 2/2
   210 | D:4      | Reached skill level 5 in Stealth
   210 | D:4      | Reached XP level 4. HP: 8/40 MP: 3/3
   734 | D:4      | Reached skill level 1 in Armour
  1065 | D:3      | Found a broken altar of Ashenzari.
  1126 | D:3      | Reached XP level 5. HP: 22/46 MP: 4/4
  1305 | D:3      | Noticed Jessica
  1311 | D:3      | Killed Jessica
  1419 | D:3      | Reached skill level 2 in Armour
  1576 | D:3      | Found a runed translucent gate.
  1577 | D:3      | Found a runed translucent gate.
  1578 | D:3      | Found a runed translucent gate.
  1584 | D:3      | Noticed Beepinex's ghost (amateur HOFi)
  2667 | D:1      | Found a faded altar of an unknown god.
  2830 | D:2      | Reached XP level 6. HP: 34/53 MP: 5/5
  3352 | D:4      | Reached skill level 3 in Armour
  3367 | D:4      | Reached skill level 5 in Axes
  3690 | D:4      | Reached skill level 5 in Fighting
  3690 | D:4      | Reached XP level 7. HP: 47/61 MP: 6/6
  4012 | D:4      | Reached skill level 4 in Armour
  4365 | D:5      | Reached skill level 1 in Maces & Flails
  4365 | D:5      | Reached skill level 5 in Armour
  4544 | D:5      | Reached XP level 8. HP: 42/69 MP: 7/7
  4599 | D:5      | Found an ornate altar of the Wu Jian Council.
  4663 | D:5      | Reached skill level 6 in Armour
  4953 | D:5      | Found Qoalauza's Weapon Shoppe.
  5021 | D:5      | Found a burning altar of Makhleb.
  5780 | D:6      | Found a sparkling altar of Nemelex Xobeh.
  6152 | D:6      | Reached skill level 7 in Armour
  6356 | D:6      | Reached skill level 5 in Maces & Flails
  6702 | D:6      | Noticed Edmund
  6716 | D:6      | Killed Edmund
  6717 | D:6      | Reached XP level 9. HP: 54/78 MP: 8/8
  6779 | D:6      | Identified the +10 hunting sling "Nevvec" {venom, Str+6}
  6801 | D:6      | Noticed Blork the orc
  6818 | D:6      | Killed Blork the orc
  6964 | D:7      | Found a staircase to the Ecumenical Temple.
  6971 | Temple   | Entered the Ecumenical Temple
  7034 | Temple   | Became a worshipper of Trog the Wrathful
  7057 | D:7      | Reached skill level 8 in Armour
  7270 | D:7      | Found a flagged portal.
  7295 | Bailey   | Entered a bailey
  7382 | Bailey   | Reached skill level 1 in Long Blades
  7569 | Bailey   | Reached * piety under Trog
  7570 | Bailey   | HP: 3/87 [gnoll (7)]
  7577 | Bailey   | Slain by a gnoll

Illustrated notes

Levels and vault maps discovered:
D:1:      eino_arrival_water_cross, layout_rooms,
          ebering_ecumenical_altar_abandoned
D:2:      layout_basic
D:3:      layout_loops_ring, mainiacjoe_overflow_paths,
          gammafunk_ghost_nasty_kobolds, minmay_misc_feat_tower,
          chequers_arboretum, saegor_snake_ambush, uniq_jessica
D:4:      layout_basic, lemuel_doored_altar,
          hangedman_abyss_or_decor_jellyfish_corner
D:5:      layout_layer_cave, nzn_wu_jian_council_hall,
          makhleb_blood_cavern_becter, serial_shops,
          nicolae_shop_bloodbath_and_beyond, lightli_corner_chamber
D:6:      layout_loops_ring, nemelex_xobeh_ov_fountains_minmay,
          uniq_blork_the_orc, uniq_edmund
D:7:      layout_basic, mainiacjoe_overflow_swirl,
          minmay_temple_entry_offerings, enter_bailey_7
Temple:   nicolae_temple_god_jail
Bailey:   bailey_polearm_nasty_gnolls, bailey

Skill      XL: |  1  2  3  4  5  6  7  8  9 |
---------------+----------------------------+-----
Fighting       | 4 5 6 7 |  7.1
Stealth        | 5 |  5.3
Axes           | 3 4 5 6 |  6.2
Armour         | 1 2 3 5 7 8 |  8.3
Dodging        | 3 4 |  4.6
Maces & Flails | 2 5 6 |  6.8
Long Blades    | 1 |  1.2

Action                   |  1- 3 |  4- 6 |  7- 9 || total
-------------------------+-------+-------+-------++-------
Melee: Hand axe          |    11 |   141 |    39 ||   191
       Headbutt          |     1 |    19 |    57 ||    77
       Punch             |       |     2 |     5 ||     7
       Flail             |       |       |   174 ||   174
       Falchion          |       |       |    77 ||    77
Invok: Berserk           |       |       |     1 ||     1
  Use: Scroll            |       |       |     2 ||     2
       Potion            |       |       |     1 ||     1
 Stab: Sleeping          |     1 |     2 |       ||     3
Armor: Leather armour    |     3 |       |       ||     3
       Scale mail        |       |    80 |    74 ||   154
       Plate armour      |       |       |    74 ||    74
Dodge: Dodged            |     9 |   115 |   197 ||   321
